 Dungeon Crawl Stone Soup version 0.31-a0-702-gf82c85558f (webtiles) character file.

Game seed: 10430063510159635409

67 qw the Shooter (level 4, 0/28 HPs)
             Began as a Gargoyle Hunter on Sept 7, 2023.
             Slain by Natasha (2 damage)
             ... on level 2 of the Dungeon.
             The game lasted 00:00:27 (1440 turns).

qw the Shooter (Gargoyle Hunter)                    Turns: 1440, Time: 00:00:28

Health: 0/28       AC:  9    Str: 15    XL:     4   Next: 18%
Magic:  4/4        EV: 11    Int:  9    God:
Gold:   66         SH:  0    Dex: 15    Spells: 3/3 levels left

rFire   . . .        Y - +0 shortbow
rCold   + . .        (shield currently unavailable)
rNeg    + . .        m - +0 ring mail
rPois   inf          l - +0 helmet
rElec   +            (no cloak)
rCorr   .            (no gloves)
SInv    .            (no boots)
Will    .....        (no amulet)
Stlth   +            i - ring of protection from cold
HPRegen 0.24/turn    (no ring)
MPRegen 0.09/turn

%: no passive effects
@: no status effects
A: sickness immunity, AC +3, negative energy resistance 1, electricity
resistance, torment resistance 1, petrification resistance
a: no special abilities


You were on level 2 of the Dungeon.
You visited 1 branch of the dungeon, and saw 2 of its levels.

You collected 66 gold pieces.


Innate Abilities, Weirdness & Mutations

You are immune to sickness and miasma.
Your stone body is resilient. (AC +3)
You are immune to poison.
You resist negative energy. (rN+)
You are resistant to electric shocks. (rElec)
You are resistant to unholy torment.
You are immune to petrification.


   Skills:
 - Level 3.0 Fighting
 + Level 5.0 Ranged Weapons
 - Level 1.0 Armour
 - Level 1.5 Dodging
 - Level 1.1 Stealth


You had 3 spell levels left.
You didn't know any spells.
Your spell library was empty.

Inventory:

Hand Weapons
 Y - a +0 shortbow (weapon)
Armour
 l - a +0 helmet (worn)
 m - a +0 ring mail (worn)
Jewellery
 g - a ring of ice
 i - a ring of protection from cold (left hand)
Scrolls
 a - a scroll of immolation {unknown}
 h - a scroll of fear {unknown}
 o - a scroll of identify
Potions
 b - a potion of enlightenment {unknown}
 c - a potion of brilliance {unknown}
 d - a potion of mutation {unknown}
 e - a potion of heal wounds {unknown}
 f - a potion of cancellation {unknown}
 j - a potion of might {unknown}
 k - a potion of ambrosia {unknown}
 n - 3 potions of attraction {unknown}
 p - a potion of curing {unknown}

Dungeon Overview and Level Annotations

Branches:
Dungeon (2/15)

Altars:

Annotations:
D:2 Natasha


Message History

The kobold is severely wounded.
Natasha, Servant of Life and Death comes into view.
You shoot an arrow. The arrow hits the kobold.
You kill the kobold!
You shoot an arrow. The arrow hits Natasha.
Natasha is moderately wounded.
Natasha howls an incantation.
Natasha glows brightly for a moment.
Natasha casts a spell.
You shoot an arrow. The arrow hits Natasha.
Natasha is severely wounded.
Natasha claws you.
The cerulean imp hits you from afar with a +1 spear.
You shoot an arrow.
The arrow hits Natasha but does no damage.
Natasha is severely wounded.
Natasha claws you but does no damage.
The cerulean imp hits you from afar with a +1 spear.
You shoot an arrow. The arrow misses Natasha.
Natasha stares at you and mumbles some strange words.
The magic dart hits you!
The cerulean imp hits you from afar with a +1 spear.
You shoot an arrow. The arrow closely misses Natasha.
Natasha claws you but does no damage.
The cerulean imp hits you but does no damage.
Natasha howls an incantation.
Natasha's front paws start to glow.
Natasha closely misses you.
You shoot an arrow. The arrow closely misses Natasha.
The cerulean imp barely misses you.
Natasha mumbles some strange words.
You feel troubled. Natasha barely misses you.
The cerulean imp closely misses you.
You shoot an arrow. The arrow barely misses Natasha.
Natasha claws you.
The cerulean imp hits you from afar with a +1 spear.
You shoot an arrow. The arrow barely misses Natasha.
Natasha claws you.
You die...
Natasha curls up and begins to purr.

### ..# . ###
#.######.....#.
.............#.#
#.##..##..#..#.######
#.##..##............##
#........##.#.#)###..#
##.......#.###.h@....#
##.......##.#.5##....#
...............##....####
##........###...........#
##........# #..##.##.##.#
##........###..##.##.##.####
##....)...##.#.............#
###.##.##.###.#.#....##....#
# #.##.##.# ###.#....##....#


You could see Natasha and a cerulean imp (summoned).

Vanquished Creatures
  Natasha (D:2)
  4 ball pythons
  4 endoplasms (D:2)
  A giant cockroach (D:1)
  3 hobgoblins (D:1)
  4 jackals (D:2)
  7 kobolds
  3 quokkas
  4 bats
  A frilled lizard (D:1)
  2 goblins
  4 rats
38 creatures vanquished.

Notes
Turn   | Place    | Note
-------+----------+-------------------------------------------
     0 | D:1      | qw the Gargoyle Hunter began the quest for the Orb.
     0 | D:1      | Reached XP level 1. HP: 12/12 MP: 1/1
     0 | D:1      | 0 ||| qw: Version: 0.3-a-76-g4403597
     0 | D:1      | 0 ||| qw: Game counter: 893
     0 | D:1      | 0 ||| qw: Melee chars always use a shield: true
     0 | D:1      | 0 ||| qw: God list: Okawaru
     0 | D:1      | 0 ||| qw: Allow faded altars: false
     0 | D:1      | 0 ||| qw: Do Orc after clearing Dungeon:15 true
     0 | D:1      | 0 ||| qw: Do second Lair branch before Depths: true
     0 | D:1      | 0 ||| qw: Lair rune preference: random
     0 | D:1      | 0 ||| qw: Goals: Normal
     0 | D:1      | 0 ||| PLANNING D:1-11
   130 | D:1      | Reached XP level 2. HP: 17/17 MP: 2/2
   846 | D:1      | 846 ||| UPGRADING to +0 helmet.
   851 | D:1      | 851 ||| UPGRADING to +0 ring mail.
   861 | D:1      | 861 ||| DROPPING +0 leather armour.
   862 | D:1      | 862 ||| UPGRADING to ring of protection from cold.
   863 | D:1      | 863 ||| READING scroll labelled SITHAPOIDAUT.
   864 | D:1      | 864 ||| READING scroll labelled CETHA RIBYNYS.
   865 | D:1      | 865 ||| READING scroll labelled OBEEF XAMNIU.
   866 | D:1      | 866 ||| DROPPING scroll of butterflies.
  1004 | D:2      | Reached skill level 1 in Armour
  1004 | D:2      | Reached XP level 3. HP: 21/21 MP: 3/3
  1109 | D:2      | Noticed Natasha
  1114 | D:2      | Reached skill level 5 in Ranged Weapons
  1118 | D:2      | Killed Natasha
  1119 | D:2      | Reached skill level 3 in Fighting
  1119 | D:2      | Reached XP level 4. HP: 21/28 MP: 4/4
  1431 | D:2      | Noticed Natasha
  1436 | D:2      | HP: 7/28 [cerulean imp/+1 spear[Natasha] (2)]
  1439 | D:2      | HP: 2/28 [cerulean imp/+1 spear[Natasha] (3)]
  1440 | D:2      | Slain by Natasha

Levels and vault maps discovered:
D:1:      reono_arrival_mine, layout_loops_corners, eino_curves_03
D:2:      layout_loops_cross, shapermc_ecumenical_altar_mp_vishouse,
          hangedman_abyss_or_decor_lesser_grid, grunt_ministairs_2, uniq_natasha

Skill      XL: |  1  2  3 |
---------------+----------+-----
Armour         | 1 |  1.0
Ranged Weapons | 5 |  5.0
Fighting       | 3 |  3.0
Dodging        | |  1.5
Stealth        | |  1.1

Action                     |  1- 3 |  4- 6 || total
---------------------------+-------+-------++-------
   Fire: Shortbow          |    86 |    20 ||   106
    Use: Scroll            |     3 |       ||     3
 Armour: Leather armour    |    12 |       ||    12
         Ring mail         |    13 |    12 ||    25
  Dodge: Dodged            |    19 |     5 ||    24

Table legend:
 A = Non-vault XP
 B = Vault XP
 C = Vault XP percentage of total XP
 D = Non-vault monster count
 E = Vault monster count
 F = Vault count percentage of total count
                 A         B        C        D         E       F
            +---------+---------+-------+---------+---------+-------
      Total |      58 |      39 |  40.2 |      35 |       3 |   7.9
            +---------+---------+-------+---------+---------+-------
        D:1 |      26 |       0 |   0.0 |      17 |       0 |   0.0
        D:2 |      32 |      39 |  54.9 |      18 |       3 |  14.3
            +---------+---------+-------+---------+---------+-------
